 Dungeon Crawl Stone Soup version 0.19-a0-1882-gbb73ea0 (console) character file.

25616 brucemayne the Severer (level 13, -5/116 HPs)
             Began as a Hill Orc Monk on Oct 14, 2016.
             Was an Elder of the Shining One.
             Slain by a polar bear (13 damage)
             ... in an ice cave.
             The game lasted 00:33:06 (6998 turns).

brucemayne the Severer (Hill Orc Monk)              Turns: 6998, Time: 00:33:07

Health: -5/116     AC: 18    Str: 17    XL:     13   Next: 20%
Magic:  16/16      EV: 13    Int: 10    God:    the Shining One [****..]
Gold:   528        SH:  8    Dex: 23    Spells: 2 memorised, 10 levels left

rFire  . . .     SeeInvis .     p - +6 battleaxe {freeze, rPois rC+ Str-2}
rCold  + . .     Gourm    .     N - +0 plate armour
rNeg   + + .     Faith    .     (shield currently unavailable)
rPois  +         Spirit   .     r - +0 helmet
rElec  .         Dismiss  .     m - +1 cloak
rCorr  .         Reflect  .     (no gloves)
MR     .....     Harm     .     (no boots)
Stlth  .......... Clarity  +    t - amulet of regeneration
                                l - +3 ring of dexterity
                                q - ring of stealth

@: agile, divine shield, glowing
A: agile 1, clarity, screaming 1, wild magic 1, evolution 1
a: Divine Shield, Cleansing Flame, Renounce Religion


You were in an ice cave.
You worshipped the Shining One.
The Shining One was greatly pleased with you.
You were not hungry.

You visited 3 branches of the dungeon, and saw 20 of its levels.
You also visited: Ice Cave.

You collected 528 gold pieces.

Inventory:

Hand Weapons
 p - the +6 battleaxe of Cocytus (weapon) {freeze, rPois rC+ Str-2}
   (You found it on level 5 of the Dungeon)

   It has been specially enchanted to freeze those struck by it, causing extra
   injury to most foes and up to half again as much damage against particularly
   susceptible opponents.
   It can also slow down cold-blooded creatures.
   It affects your strength (-2).
   It protects you from cold.
   It protects you from poison.
Missiles
 x - 6 throwing nets (quivered)
 P - 20 tomahawks
Armour
 m - a +1 cloak (worn)
 r - a +0 helmet (worn)
 N - a +0 plate armour (worn)
 R - the +1 chain mail "Fimeceom" {rPois rN++ Dex-4}
   (You found it on level 8 of the Dungeon)

   It affects your dexterity (-4).
   It protects you from poison.
   It greatly protects you from negative energy.
Jewellery
 l - a +3 ring of dexterity (right hand)
 n - an uncursed ring of poison resistance
 q - a ring of stealth (left hand)
 t - an amulet of regeneration (around neck)
 y - an uncursed amulet of rage
Wands
 b - a wand of iceblast (11/15)
 k - a wand of paralysis (14/24)
 B - a wand of digging (10/24)
 C - a wand of polymorph (10/24)
 K - a wand of slowing (20/48)
 L - a wand of confusion (24/48)
 Q - a wand of polymorph (14/24)
 S - a wand of lightning (9/15)
 U - a wand of flame (27/48)
Scrolls
 e - 3 scrolls of identify
 f - 4 scrolls of fog
 g - 3 scrolls of enchant weapon
 j - 2 scrolls of enchant armour
 s - 2 scrolls of blinking {unknown}
 E - 2 scrolls of noise {unknown}
 I - 2 scrolls of teleportation
 M - 3 scrolls of magic mapping {unknown}
 O - 4 scrolls of recharging {unknown}
Potions
 a - a potion of cancellation {unknown}
 d - a potion of invisibility {unknown}
 h - a potion of haste
 i - a potion of cure mutation {unknown}
 o - a potion of ambrosia {unknown}
 u - 4 potions of curing
 v - 3 potions of degeneration
 D - a potion of heal wounds {unknown}
 F - a potion of lignification {unknown}
 G - 3 potions of brilliance
 J - a potion of agility
 V - a potion of might {unknown}
 X - 3 potions of flight
Comestibles
 c - 4 bread rations
 w - a royal jelly
 z - 4 meat rations
 A - 23 fruits
 H - 2 slices of pizza


   Skills:
 + Level 11.4 Fighting
 + Level 20.2 Axes
 - Level 10.1 Armour
 - Level 3.8 Dodging
 - Level 1.5 Stealth
 - Level 5.1 Invocations


You had 10 spell levels left.
You knew the following spells:

 Your Spells              Type           Power        Failure   Level  Hunger
a - Summon Butterflies    Summ           #.......     100%        1    ##.....
b - Apportation           Tloc           #.........   100%        1    ##.....


Dungeon Overview and Level Annotations

Branches:
Dungeon (13/15)            Temple (1/1) D:6            Lair (6/6) D:11
 Shoals (0/4) Lair:3        Snake (0/4) Lair:2        Slime (0/5) Lair:6
    Orc: D:9-12      Vaults: D:13-14

Altars:
Ashenzari
Cheibriados
Dithmenos
Elyvilon
Fedhas
Gozag
Hepliaklqana
Kikubaaqudgha
Nemelex Xobeh
Okawaru
Qazlal
Ru
Sif Muna
Trog
Uskayaw
Vehumet
Xom
Yredelemnul
Zin
The Shining One

Shops:
D:8 :   D:12 [

Annotations:
D:3 exclusion: downstairs
D:8 exclusion: downstairs, Psyche
D:9 Erolcha
D:10 exclusion: upstairs
D:11 exclusion: 4 oklob plants
D:12 exclusion: downstairs
D:13 Nessos


Innate Abilities, Weirdness & Mutations

You are agile. (Dex +2)
You possess an exceptional clarity of mind.
You occasionally shout uncontrollably at your foes.
Your spells are a little harder to cast, but a little more powerful.
You evolve.


Message History

The yak misses you.
You hit the yak. You freeze the yak.
The yak is severely wounded.
The yak gores you!
* * * LOW HITPOINT WARNING * * *
You hit the yak. You freeze the yak.
The yak is almost dead.
You slice the yak!! You freeze the yak.
You kill the yak!
You slash the polar bear! You freeze the polar bear.
The polar bear is lightly wounded.
You hit the polar bear but do no damage.
The polar bear is lightly wounded.
The polar bear bites you!
* * * LOW HITPOINT WARNING * * *
The polar bear claws you but does no damage. x2
Your plate armour prevents you from hitting the polar bear.
The polar bear is lightly wounded.
The polar bear bites you!
You die...

##.##≈≈##≈≈#
###..######
#.⌠.##≈≈#≈≈##
##...##.#
##.##≈≈≈≈≈≈≈#
##..#..#
#.###≈#≈≈≈≈≈≈#
##...#.
##.##.≈#≈#≈≈≈≈
##.##.
##.##.##≈≈≈#≈
#####
##.#..#≈≈≈≈≈
#..##.##≈≈#≈
#.###@# ≈≈≈
##.#h## #...h#
#†#.## ##.###
#h## #h## #C.#
##.#


You could see 2 polar bears.

Vanquished Creatures
  A frost giant (IceCv)
  Fannar (D:12)
  Harold (D:11)
  2 death yaks (IceCv)
  Pikel (D:6)
  An ugly thing (D:11)
  5 elephants (Lair:5)
  3 black mambas
  2 spiny frogs (Lair:5)
  2 rime drakes
  2 komodo dragons
  2 trolls
  A hornet (D:8)
  11 polar bears (IceCv)
  A two-headed ogre (D:8)
  A slime creature (Lair:5)
  A blink frog (Lair:5)
  3 hippogriffs
  2 vampires (D:12)
  2 wyverns
  2 wraiths (D:11)
  29 yaks
  Eustachio (D:6)
  5 vampire mosquitoes (D:12)
  A porcupine (Lair:5)
  7 water moccasins
  2 orc warriors
  A sky beast (D:9)
  2 slaves (D:6)
  A phantom (D:5)
  10 ice beasts
  19 wolves
  3 ogres
  8 centaurs
  4 crocodiles
  2 big kobolds
  7 bullfrogs
  2 wyvern zombies (D:12)
  3 scorpions
  7 killer bees
  3 howler monkeys
  4 crimson imps
  4 jellies
  An orc priest (D:3)
  A bullfrog skeleton (D:12)
  A hound (D:8)
  A centaur skeleton (D:5)
  2 iguanas
  4 orc wizards
  5 worker ants
  A hound skeleton (D:4)
  2 worker ant zombies
  10 adders
  5 gnolls
  A shadow imp (D:8)
  2 oozes
  An adder skeleton (D:4)
  An adder zombie (D:5)
  3 dart slugs
  A worm (D:4)
  2 leopard geckos
  22 orcs
  3 giant cockroaches
  6 goblins (D:1)
  7 hobgoblins
  4 jackals
  7 kobolds
  2 quokkas
  3 ball pythons
  A ball python skeleton (D:4)
  5 bats
  4 frilled lizards
  A jackal zombie (D:6)
  18 rats
  2 fungi
  4 plants
305 creatures vanquished.

Vanquished Creatures (others)
  The ghost of brucemayne the Chopper, an amateur HOMo of Makhleb (D:6)
  An ogre (D:4)
  A shadow imp (D:6)
  An orc (D:4)
  2 quokkas
  A plant (D:11)
7 creatures vanquished.

Grand Total: 312 creatures vanquished

Notes
Turn   | Place    | Note
-------+----------+-------------------------------------------
     0 | D:1      | brucemayne the Hill Orc Monk began the quest for the Orb.
     0 | D:1      | Reached XP level 1. HP: 19/19 MP: 1/1
    23 | D:1      | Reached XP level 2. HP: 23/26 MP: 2/2
    89 | D:1      | Reached skill level 5 in Axes
   233 | D:2      | Reached XP level 3. HP: 30/31 MP: 3/3
   807 | D:1      | You fall through a shaft!
   887 | D:2      | Reached skill level 6 in Axes
  1030 | D:2      | Reached XP level 4. HP: 26/39 MP: 4/4
  1080 | D:3      | Found a shadowy altar of Dithmenos.
  1272 | D:3      | Reached skill level 7 in Axes
  1291 | D:4      | Found a shimmering altar of Xom.
  1291 | D:4      | Noticed an ogre
  1396 | D:3      | Reached XP level 5. HP: 40/45 MP: 5/5
  1442 | D:4      | Killed an ogre
  1531 | D:4      | Noticed an ogre
  1558 | D:5      | Entered Level 5 of the Dungeon
  1572 | D:5      | Reached skill level 8 in Axes
  1644 | D:5      | Reached XP level 6. HP: 37/51 MP: 6/6
  1747 | D:5      | Got a twisted battleaxe
  1749 | D:5      | Identified the +6 battleaxe of Cocytus {freeze, rPois rC+ Str-2} (You found it on level 5 of the Dungeon)
  1835 | D:6      | Noticed brucemayne's ghost (amateur HOMo)
  1926 | D:5      | Noticed a phantom
  1969 | D:5      | Noticed an ice beast
  2003 | D:5      | Killed an ice beast
  2003 | D:5      | Reached skill level 9 in Axes
  2131 | D:5      | Killed a phantom
  2131 | D:5      | Reached skill level 10 in Axes
  2131 | D:5      | Reached XP level 7. HP: 40/57 MP: 7/7
  2251 | D:6      | Found a staircase to the Ecumenical Temple.
  2254 | D:6      | Noticed Eustachio
  2257 | Temple   | Entered the Ecumenical Temple
  2712 | D:4      | Found a glowing silver altar of Zin.
  2791 | D:4      | Reached skill level 11 in Axes
  2970 | D:6      | Killed brucemayne's ghost
  3011 | D:7      | Reached XP level 8. HP: 61/67 MP: 8/8
  3040 | D:7      | Found an iron altar of Okawaru.
  3051 | D:7      | Reached skill level 5 in Fighting
  3089 | D:7      | Reached skill level 12 in Axes
  3132 | D:7      | Found a stormy altar of Qazlal.
  3132 | D:7      | Found a faded altar of an unknown god.
  3139 | D:7      | Found a hide-covered altar of Uskayaw.
  3141 | D:7      | Found a hazy altar of Hepliaklqana.
  3142 | D:7      | Found a faded altar of an unknown god.
  3198 | D:9      | Noticed a centaur warrior
  3261 | D:8      | Noticed Psyche
  3263 | D:8      | Noticed a hippogriff
  3283 | D:8      | Killed a hippogriff
  3573 | D:6      | Found a glowing golden altar of the Shining One.
  3578 | D:6      | Found a basalt altar of Yredelemnul.
  3580 | D:6      | Noticed a profane servitor
  3591 | D:6      | Noticed an angel
  3596 | D:6      | Became a worshipper of the Shining One
  3596 | D:6      | Reached * piety under the Shining One
  3596 | D:6      | Reached ** piety under the Shining One
  3641 | D:6      | Killed Eustachio
  3641 | D:6      | Reached skill level 1 in Armour
  3659 | D:6      | Found a radiant altar of Vehumet.
  3667 | D:6      | Noticed Pikel
  3675 | D:6      | Killed Pikel
  3675 | D:6      | Reached skill level 13 in Axes
  3675 | D:6      | Reached XP level 9. HP: 72/78 MP: 9/9
  3901 | D:7      | Found an opulent altar of Gozag.
  3954 | D:8      | Noticed a two-headed ogre
  3962 | D:8      | Killed a two-headed ogre
  3984 | D:8      | Got a brightly glowing chain mail
  3985 | D:8      | Identified the +1 chain mail "Fimeceom" {rPois rN++ Dex-4} (You found it on level 8 of the Dungeon)
  4000 | D:8      | Found Waeduosu's Book Shop.
  4079 | D:8      | Noticed a hornet
  4088 | D:8      | Killed a hornet
  4171 | D:9      | Reached skill level 14 in Axes
  4187 | D:9      | Gained mutation: You are agile. (Dex +2) [mutagenic meat]
  4190 | D:9      | Gained mutation: You evolve. [mutagenic meat]
  4406 | D:9      | Noticed Erolcha
  4496 | D:10     | Entered Level 10 of the Dungeon
  4539 | D:11     | Noticed Harold
  4547 | D:11     | Killed Harold
  4547 | D:11     | Reached XP level 10. HP: 61/91 MP: 6/10
  4640 | D:11     | Reached skill level 15 in Axes
  4753 | D:11     | Noticed an oklob plant
  4785 | D:11     | Noticed an oklob plant
  4786 | D:11     | Noticed an oklob plant
  4787 | D:11     | Found a staircase to the Lair.
  4794 | D:11     | Noticed an oklob plant
  4886 | D:10     | Noticed a cyan ugly thing
  4888 | D:10     | Reached *** piety under the Shining One
  4897 | D:11     | Killed a cyan ugly thing
  4904 | D:11     | Gained mutation: You occasionally shout uncontrollably at your foes. [mutagenic meat]
  4907 | D:11     | Gained mutation: You possess an exceptional clarity of mind. [mutagenic meat]
  4964 | D:12     | Reached skill level 16 in Axes
  5122 | D:12     | Found Tiobyas's Armour Shoppe.
  5142 | D:12     | Reached skill level 17 in Axes
  5143 | D:12     | Noticed Fannar
  5149 | D:12     | Reached skill level 1 in Invocations
  5160 | D:12     | Killed Fannar
  5160 | D:12     | Reached XP level 11. HP: 64/99 MP: 8/13
  5244 | D:13     | Noticed Nessos
  5429 | D:12     | Reached skill level 5 in Invocations
  5616 | Lair:1   | Entered Level 1 of the Lair of Beasts
  5625 | Lair:1   | Learned a level 1 spell: Summon Butterflies
  5627 | Lair:1   | Learned a level 1 spell: Apportation
  5821 | Lair:2   | Reached **** piety under the Shining One
  5832 | Lair:2   | Reached skill level 5 in Armour
  5921 | Lair:2   | Found a staircase to the Snake Pit.
  5976 | Lair:3   | Found a staircase to the Shoals.
  6069 | Lair:3   | Noticed a four-headed hydra
  6119 | Lair:3   | You fall through a shaft for 2 floors!
  6199 | Lair:6   | Entered Level 6 of the Lair of Beasts
  6207 | Lair:6   | Reached skill level 18 in Axes
  6209 | Lair:6   | Gained mutation: Your spells are a little harder to cast, but a little more powerful. [evolution]
  6213 | Lair:6   | Found a staircase to the Slime Pits.
  6436 | Lair:6   | Reached XP level 12. HP: 91/106 MP: 15/15
  6593 | Lair:4   | Found a frozen archway.
  6599 | Lair:4   | Reached skill level 19 in Axes
  6627 | IceCv    | Entered an ice cave
  6722 | IceCv    | Noticed a death yak
  6729 | IceCv    | Killed a death yak
  6729 | IceCv    | Reached skill level 10 in Armour
  6784 | IceCv    | Reached skill level 10 in Fighting
  6861 | IceCv    | Reached XP level 13. HP: 81/114 MP: 16/16
  6925 | IceCv    | Noticed a frost giant
  6971 | IceCv    | Reached skill level 20 in Axes
  6983 | IceCv    | Killed a frost giant
  6998 | IceCv    | Slain by a polar bear

Vault maps used:
D:1:      erik_arrival_orb_chamber
D:2:      minmay_tetromino_l4
D:3:      lemuel_castle_with_subvaults, grunt_dithmenos_smoke_and_mirrors,
          ecumenical_altar_1, first_bread
D:4:      overflow_temple_1_default, makhleb_altar_promises_db,
          xom_confusion_cloud
D:5:      grunt_ministairs_11, kennysheep_dice
D:6:      grunt_temple_overflow_holy_war, vehumet_crystals,
          lemuel_flamethrower_2, uniq_eustachio, uniq_pikel
D:7:      kennysheep_mini, nicolae_overflow_crystal_walls,
          chequers_temple_overflow_minitemple, kennysheep_nondescript
D:8:      serial_shops, kennysheep_mini_moat, blue_anna_alchemist, uniq_psyche
D:9:      uniq_erolcha
D:10:     zombieorc1_lemuel
D:11:     dpeg_oklobed_lair, uniq_harold
D:12:     serial_shops, nicolae_shop_statue_plus, elyvilon_altar_4, uniq_fannar
D:13:     david_vaults_4, stair_cage_cross, statue_in_the_mist_lemuel,
          uniq_snorg, uniq_nessos
Temple:   compressed_dpeg_triangle_lava_temple
Lair:1:   hibernation_bobbens
Lair:2:   minmay_snake_entry_six_corridors, basic_altar
Lair:3:   elwin_shoals_entry_rocks, st_stairs_11
Lair:4:   portal_ice_cave_entry_ice_beasts
Lair:5:   st_stairs_3, grunt_megastairs_1
Lair:6:   minmay_lair_end_enchanted_forest, minmay_slime_entry_pillars,
          serial_bayou_shore_b, infiniplex_staircase_pool
IceCv:    ice_cave_caverns_03

Skill      XL: |  1  2  3  4  5  6  7  8  9 10 11 12 13 |
---------------+----------------------------------------+-----
Axes           | 5 6 7 8 10 11 13 14 17 18 19 20 | 20.2
Fighting       | 4 6 9 10 11 | 11.4
Armour         | 3 7 10 | 10.1
Invocations    | 3 5 |  5.1
Dodging        | 3 |  3.8
Stealth        | |  1.5

Action                   |  1- 3 |  4- 6 |  7- 9 | 10-12 | 13-15 || total
-------------------------+-------+-------+-------+-------+-------++-------
Melee: Hand axe          |   119 |   177 |   109 |       |       ||   405
       Battleaxe         |       |       |   120 |   410 |    55 ||   585
Invok: Divine Shield     |       |       |     1 |     2 |     1 ||     4
Evoke: Wand              |       |       |     1 |       |       ||     1
  Use: Scroll            |       |     6 |     4 |     6 |     4 ||    20
       Potion            |       |       |       |     1 |     1 ||     2
 Stab: Sleeping          |     6 |       |     3 |       |       ||     9
  Eat: Chunk             |     1 |     1 |     4 |     7 |       ||    13
       Meat ration       |       |     1 |       |       |       ||     1
       Fruit             |       |       |     4 |     2 |       ||     6
       Beef jerky        |       |       |       |     1 |       ||     1
Armor: Robe              |    17 |     7 |       |       |       ||    24
       Ring mail         |       |    30 |    75 |    14 |       ||   119
       Plate armour      |       |       |       |   214 |    33 ||   247
Dodge: Dodged            |    80 |    71 |   116 |   120 |    15 ||   402
Block: Other             |       |       |     1 |     5 |     8 ||    14
